 Dungeon Crawl Stone Soup version 0.30-a0-4-ga7cffc901d (webtiles) character file.

Game seed: 15800741578627420208

314 Setbun the Slicer (level 6, 0/31 HPs)
             Began as a Kobold Brigand on Aug 21, 2022.
             Succumbed to an orc wizard's poison
             ... on level 4 of the Dungeon.
             The game lasted 00:03:50 (3985 turns).

Setbun the Slicer (Kobold Brigand)                  Turns: 3985, Time: 00:03:51

Health: 0/31       AC:  3    Str:  8    XL:     6   Next: 72%
Magic:  6/6        EV: 14    Int: 12    God:
Gold:   172        SH:  0    Dex: 19    Spells: 5/5 levels left

rFire   . . .      SeeInvis +    a - +3 dagger
rCold   . . .      Faith    .    (no shield)
rNeg    . . .      Spirit   .    b - +0 robe
rPois   .          Reflect  .    t - -1 helmet of Duck's Teeth {SInv}
rElec   .          Harm     .    c - +0 cloak
rCorr   .          Rampage  .    (no gloves)
Will    .....      Clarity  +    (no boots)
Stlth   ++++......               (no amulet)
HPRegen 0.10/turn                (no ring)
MPRegen 0.10/turn                (no ring)

@: lethally poisoned (0 -> -3), weak-willed
A: small, no large weapons, nightstalker 3, clarity, frail 1, sense surroundings
1
a: no special abilities


You were on level 4 of the Dungeon.
You visited 1 branch of the dungeon, and saw 4 of its levels.

You collected 172 gold pieces.

Inventory:

Hand Weapons
 a - a +3 dagger (weapon)
Missiles
 d - 13 poisoned darts (quivered)
 e - 3 curare-tipped darts
Armour
 b - a +0 robe (worn)
 c - a +0 cloak (worn)
 t - the -1 helmet of Duck's Teeth (worn) {SInv}
   (You found it on level 3 of the Dungeon)

   SInv:      It lets you see invisible.
Jewellery
 f - a ring of fire
Wands
 u - a wand of roots (10)
Scrolls
 g - 5 scrolls of identify
 i - 3 scrolls of teleportation
 k - a scroll of vulnerability
 p - a scroll of enchant armour {unknown}
 q - a scroll of poison {unknown}
 v - a scroll of fear {unknown}


   Skills:
 - Level 2.1 Fighting
 + Level 8.7 Short Blades
 - Level 2.1 Throwing
 - Level 1.2 Dodging
 - Level 5.3 Stealth


You had 5 spell levels left.
You didn't know any spells.
Your spell library contained the following spells:

 Spells                   Type           Power      Damage    Failure   Level
 Ozocubu's Armour         Ice            0%         N/A       69%         3
 Ozocubu's Refrigeration  Ice            0%         4d7       100%        7


Dungeon Overview and Level Annotations

Branches:
Dungeon (4/15)
 Temple: D:4-7

Altars:
Trog
Vehumet
The Shining One

Shops:
D:3 :


Innate Abilities, Weirdness & Mutations

You are small and have problems with some larger weapons.
You are completely attuned to the shadows.
You possess an exceptional clarity of mind.
You are frail. (-10% HP)
You passively map a small area around you.


Message History

It is a scroll of identify.
i - 4 scrolls of teleportation The orc hits you with a +0 war axe.
The orc wizard hits you with a +2 dagger of venom.
You are lethally poisoned!
Okay, then.
As you read the scroll of teleportation, it crumbles to dust.
You feel strangely unstable.
You feel very sick. The orc wizard barely misses you.
The orc barely misses you.
The orc wizard attacks as you move away!
The orc wizard barely misses you.
* * * LOW HITPOINT WARNING * * *
You feel very sick.
The orc wizard mumbles some strange words.
The orc wizard flickers and vanishes for a moment.
The orc attacks as you move away! The orc barely misses you.
Your surroundings suddenly seem different.
* * * LOW HITPOINT WARNING * * *
You feel sick.
There is a lethal amount of poison in your body!
You aren't carrying any potions.
As you read the scroll labelled FYTSAX GO SASH, it crumbles to dust.
The air around you briefly surges with heat, but it dissipates.
It was a scroll of immolation.
* * * LOW HITPOINT WARNING * * *
You feel sick.
As you read the scroll labelled SUSOASCHEKAR, it crumbles to dust.
Magic quickly surges around you.
It was a scroll of vulnerability.
* * * LOW HITPOINT WARNING * * *
You feel sick.
As you read the scroll labelled UDITZO PUTIQA, it crumbles to dust.
It is a scroll of enchant weapon.
Your +2 dagger glows red for a moment.
* * * LOW HITPOINT WARNING * * *
You feel sick.
As you read the scroll labelled GAETAU VIMIE, it crumbles to dust.
You feel aware of your surroundings.
You sensed 2 altars.
It was a scroll of magic mapping.
You die...

##...##
#..# ...###
#..## ...#
##..# ...##
#..# ....#
##.## ....#
#..# ...##
##.# ...#
#.## ..##
#@.# .##
##.# .#
#.## ##
##.# # #.##
# #..# #
##.## #
#######..#
### ##
##.....#..#
#.#


There were no monsters in sight!

Vanquished Creatures
  2 scorpions (D:4)
  The ghost of voltaire321 the Sneak, a weakling OpEE (D:3)
  Crazy Yiuf (D:3)
  An orc priest (D:4)
  2 adders
  A hound simulacrum (D:3)
  A white imp (D:3)
  2 worms (D:2)
  2 dart slugs
  An adder simulacrum (D:3)
  An orc (D:3)
  5 endoplasms
  2 giant cockroaches
  8 goblins
  2 hobgoblins
  8 jackals (D:1)
  3 quokkas
  5 ball pythons
  7 bats
  2 frilled lizards
  A giant cockroach simulacrum (D:3)
  5 kobolds
  A quokka simulacrum (D:3)
  6 rats
70 creatures vanquished.

Notes
Turn   | Place    | Note
-------+----------+-------------------------------------------
     0 | D:1      | Setbun the Kobold Brigand began the quest for the Orb.
     0 | D:1      | Reached XP level 1. HP: 12/12 MP: 1/1
    41 | D:1      | Reached skill level 3 in Short Blades
    69 | D:1      | Reached XP level 2. HP: 17/17 MP: 2/2
   138 | D:1      | Reached skill level 4 in Short Blades
   459 | D:1      | Reached XP level 3. HP: 21/21 MP: 3/3
   821 | D:2      | Reached skill level 5 in Short Blades
  1415 | D:2      | Reached XP level 4. HP: 11/26 MP: 4/4
  1769 | D:2      | Found a faded altar of an unknown god.
  2187 | D:3      | Found a radiant altar of Vehumet.
  2237 | D:3      | Found a runed translucent gate.
  2237 | D:3      | Found a runed translucent gate.
  2267 | D:3      | Identified the -1 helmet of Duck's Teeth {SInv}
  2506 | D:3      | Found a runed translucent door.
  2509 | D:3      | Noticed Crazy Yiuf
  2514 | D:3      | Killed Crazy Yiuf
  2515 | D:3      | Reached skill level 6 in Short Blades
  2515 | D:3      | Reached XP level 5. HP: 30/30 MP: 5/5
  2603 | D:3      | Found a runed translucent gate.
  2834 | D:3      | Found Irphydygo's Vocational Training.
  3248 | D:3      | Noticed voltaire321's ghost (weakling OpEE)
  3260 | D:3      | Gained mutation: You are frail. (-10% HP) [potion of
                  | mutation]
  3260 | D:3      | Gained mutation: You passively map a small area around you.
                  | [potion of mutation]
  3260 | D:3      | Gained mutation: You possess an exceptional clarity of
                  | mind. [potion of mutation]
  3285 | D:3      | Killed voltaire321's ghost
  3286 | D:3      | Reached skill level 7 in Short Blades
  3380 | D:4      | Reached skill level 8 in Short Blades
  3380 | D:4      | Reached XP level 6. HP: 31/31 MP: 6/6
  3941 | D:4      | Found a glowing golden altar of the Shining One.
  3952 | D:4      | Found a bloodstained altar of Trog.
  3984 | D:4      | HP: 1/31 [poisoned by an orc wizard]
  3985 | D:4      | Succumbed to an orc wizard's poison

Illustrated notes

Levels and vault maps discovered:
D:1:      tarquinn_simple_flora_water_e, layout_rooms
D:2:      layout_basic, serial_rivers, chequers_serial_rivers_micro_e,
          chequers_serial_rivers_large_b, chequers_serial_rivers_small_3,
          chequers_serial_rivers_micro_b, ebering_ecumenical_altar_sacrificial
D:3:      layout_basic, vehumet_crystals, gammafunk_ghost_icy, minivault_26,
          nicolae_shop_vocational, uniq_crazy_yiuf_cottage
D:4:      layout_cave_pods, mainiacjoe_overflow_large_starburst,
          mainiacjoe_overflow_big_doors

Skill      XL: |  1  2  3  4  5 |
---------------+----------------+-----
Short Blades   | 3 4 5 6 8 |  8.7
Fighting       | |  2.1
Throwing       | |  2.1
Dodging        | |  1.2
Stealth        | |  5.3

Action                   |  1- 3 |  4- 6 || total
-------------------------+-------+-------++-------
Melee: Dagger            |    73 |    97 ||   170
       Punch             |     2 |       ||     2
  Use: Potion            |       |    10 ||    10
       Scroll            |       |     6 ||     6
 Stab: Sleeping          |    22 |    19 ||    41
       Distracted        |       |     2 ||     2
Armor: Robe              |    17 |     8 ||    25
       Skin              |       |    35 ||    35
Dodge: Dodged            |    67 |    44 ||   111

Table legend: (Time is in decaauts)
 A = Elapsed time spent in this place.
 B = Non-inter-level travel time spent in this place.
 C = Inter-level travel time spent in this place.
 D = Time resting spent in this place.
 E = Time spent auto-exploring this place.
 F = Levels seen in this place.
 G = Mean time per level.
                   A        B        C        D        E       F      G
               +--------+--------+--------+--------+--------+-----+--------+
         Total |   3967 |   3894 |     73 |    405 |   3023 |   4 |  991.8 |
       Dungeon |   3967 |   3894 |     73 |    405 |   3023 |   4 |  991.8 |
               +--------+--------+--------+--------+--------+-----+--------+

Top non-repeatable levels by time:
     D:2: 1442 daAuts
     D:3: 1198 daAuts
     D:1: 711 daAuts
     D:4: 615 daAuts
